 Dungeon Crawl Stone Soup version 0.31-a0-472-g43a2ca8e1b (webtiles) character file.

Game seed: 16153174943187324115

140212 GordonOverkill the Destroyer (level 17, -1/105 HPs)
             Began as an Octopode Delver on Aug 4, 2023.
             Was a High Priest of Vehumet.
             Shot with an arrow by Vashnia (57 damage)
             ... on level 3 of the Snake Pit on Aug 6, 2023.
             The game lasted 01:40:08 (40160 turns).

GordonOverkill the Destroyer (Octopode Delver)     Turns: 40160, Time: 01:40:08

Health: -1/105     AC:  8    Str: 18    XL:     17   Next: 30%
Magic:  29/33      EV: 16    Int: 26    God:    Vehumet [*****.]
Gold:   1263       SH: 14    Dex: 15    Spells: 6/40 levels left

rFire   + . .        n - +9 short sword (elec)
rCold   x . .        x - +3 buckler {reflect}
rNeg    . . .        y - +3 crown of Dyrovepreva {rElec Int+2 SInv}
rPois   .            P - amulet of reflection
rElec   +            r - +4 ring of protection
rCorr   .            t - ring of flight
SInv    +            G - ring of protection from cold
Will    ++...        F - ring of protection from fire
Stlth   ++++         K - +6 ring of strength
HPRegen 0.37/turn    Z - ring of willpower
MPRegen 0.23/turn    Y - +6 ring of intelligence
                     (no ring)

%: reflection
@: lethally poisoned (-1 -> -6), flying
A: almost no armour, amphibious, 8 rings, camouflage 1, gelatinous body 1,
(nimble swimmer 1), tentacles, tentacle spike 1, frail 1, cold vulnerability 2
a: Renounce Religion


You were on level 3 of the Snake Pit.
You worshipped Vehumet.
Vehumet was extremely pleased with you.
You visited 5 branches of the dungeon, and saw 26 of its levels.
You also visited: Sewer, Bailey and Volcano.

You collected 3819 gold pieces.
You spent 2556 gold pieces at shops.

Inventory:

Hand Weapons
 n - a +9 short sword of electrocution (weapon)
 u - the +3 spear of Guile {protect, *Rage rPois SInv}
   (You found it on level 6 of the Dungeon)

   rPois:     It protects you from poison.
   SInv:      It lets you see invisible.
   *Rage:     It berserks you when you make melee attacks (+20% chance).
Missiles
 h - 38 poisoned darts (quivered)
 w - 6 boomerangs
 I - a throwing net
 Q - a curare-tipped dart
Armour
 x - a +3 buckler of reflection (worn)
 y - the +3 crown of Dyrovepreva (worn) {rElec Int+2 SInv}
   (You acquired it on level 1 of the Dungeon)

   Int:       It affects your intelligence (+2).
   rElec:     It insulates you from electricity.
   SInv:      It lets you see invisible.
Magical Staves
 O - a staff of fire
Jewellery
 e - an amulet of regeneration
 r - a +4 ring of protection (left tentacle)
 t - a ring of flight (right tentacle)
 F - a ring of protection from fire (on tentacle)
 G - a ring of protection from cold (on tentacle)
 K - a +6 ring of strength (on tentacle)
 P - an amulet of reflection (around mantle)
 Y - a +6 ring of intelligence (on tentacle)
 Z - a ring of willpower (on tentacle)
Wands
 d - a wand of paralysis (4)
 f - a wand of digging (10)
 p - a wand of light (10)
 L - a wand of flame (9)
 N - a wand of roots (10)
Scrolls
 b - 4 scrolls of fog
 c - 4 scrolls of teleportation
 o - 5 scrolls of blinking
 q - 4 scrolls of enchant armour
 s - a scroll of butterflies
 v - 3 scrolls of vulnerability
 D - 2 scrolls of poison
 E - 2 scrolls of silence
 H - 3 scrolls of immolation
 J - 2 scrolls of torment
 R - 4 scrolls of amnesia
 T - 6 scrolls of identify
 U - 4 scrolls of enchant weapon
 W - 5 scrolls of revelation
 X - a scroll of brand weapon
Potions
 a - 5 potions of heal wounds
 g - 7 potions of haste
 i - 5 potions of attraction
 j - 4 potions of invisibility
 k - 4 potions of curing
 l - 5 potions of magic
 m - 3 potions of resistance
 z - 5 potions of enlightenment
 A - 4 potions of mutation
 B - 3 potions of cancellation
 C - 3 potions of berserk rage
 M - 4 potions of might
 S - 5 potions of ambrosia
 V - 2 potions of lignification


   Skills:
 - Level 11.0 Fighting
 - Level 11.0 Short Blades
 - Level 2.0 Throwing
 - Level 7.0 Dodging
 - Level 6.6 Stealth
 - Level 9.0 Shields
 - Level 12.0 Spellcasting
 - Level 13.0 Conjurations
 - Level 5.0 Hexes
 - Level 3.0 Translocations
 - Level 10.0 Transmutations
 + Level 8.4 Ice Magic
 - Level 9.1 Air Magic
 - Level 5.0 Evocations


You had 6 spell levels left.
You knew the following spells:

 Your Spells              Type           Power      Damage    Failure   Level
a - Irradiate             Conj/Tmut      33%        3d22      1%          5
b - Apportation           Tloc           62%        N/A       1%          1
c - Yara's Violent Unrav  Hex/Tmut       26%        3d11      1%          5
d - Freezing Cloud        Conj/Ice/Air   31%        6-21      1%          5
e - Maxwell's Capacitive  Air            29%        ∞         83%         8
f - Ozocubu's Refrigerat  Ice            28%        4d13      28%         7
g - Ozocubu's Armour      Ice            56%        N/A       1%          3

Your spell library contained the following spells:

 Spells                   Type           Power      Damage    Failure   Level
 Lehudib's Crystal Spear  Conj/Erth      24%        10d7      99%         8
 Ignition                 Fire           7%         3d5       100%        8
 Fire Storm               Conj/Fire      24%        8d6       100%        9
 Scorch                   Fire           30%        2d6       1%          2
 Wereblood                Tmut           61%        N/A       1%          2
 Inner Flame              Hex/Fire       28%        N/A       1%          3
 Flame Wave               Conj/Fire      49%        2d12      1%          4
 Portal Projectile        Hex/Tloc       72%        N/A       2%          3
 Necrotise                Necr           60%        1d7       4%          1
 Summon Small Mammal      Summ           60%        N/A       4%          1
 Petrify                  Tmut/Erth      41%        N/A       5%          4
 Sublimation of Blood     Necr           15%        N/A       7%          2
 Call Canine Familiar     Summ           15%        N/A       13%         3
 Leda's Liquefaction      Hex/Erth       14%        N/A       16%         4
 Summon Mana Viper        Hex/Summ       28%        N/A       41%         5
 Summon Forest            Summ/Tloc      11%        N/A       54%         5
 Summon Cactus Giant      Summ           7%         N/A       100%        6
 Enfeeble                 Hex            20%        N/A       99%         7


Dungeon Overview and Level Annotations

Branches:
Dungeon (15/15)            Temple (1/1) D:5            Lair (5/5) D:9
  Swamp (0/4) Lair:3        Snake (3/4) Lair:2        Slime (0/5) Lair:5
    Orc (2/2) D:9             Elf (0/3) Orc:2        Vaults (0/5) D:13
 Depths (0/4) D:15          Sewer (visited)          Bailey (visited)
Volcano (visited)

Altars:
Ashenzari
Cheibriados
Dithmenos
Elyvilon
Fedhas
Gozag
Hepliaklqana
Kikubaaqudgha
Makhleb
Nemelex Xobeh
Okawaru
Qazlal
Ru
Sif Muna
Trog
Uskayaw
Vehumet
Wu Jian
Xom
Yredelemnul
Zin
The Shining One
Jiyva

Shops:
D:3 !   D:4 *   D:7 !   D:9 *   Orc:2 ?([[   Snake:1 :   Snake:2 :=:

Portals:
Trove: D:10 (give horn of Geryon)

Annotations:
D:5 1 runed translucent door, Crazy Yiuf
D:6 1 runed translucent door
D:12 2 runed translucent doors
Snake:1 1 runed translucent door
Snake:3 Vashnia


Innate Abilities, Weirdness & Mutations

You cannot wear most types of armour.
You are amphibious.
You can wear up to eight rings at the same time.
Your skin changes colour to match your surroundings (Stealth+).
Your rubbery body absorbs attacks. (AC +1, EV +1)
((You are camouflaged when in or above water. (Stealth+)))
You have tentacles for arms and can constrict up to eight enemies at once.
One of your tentacles bears a spike.
You are frail. (-10% HP)
You are very vulnerable to cold. (rC--)


Message History

The naga sharpshooter unwields a +1 heavy scimitar.
The naga sharpshooter wields a +0 shortbow.
The naga sharpshooter mumbles some strange words.
The naga sharpshooter is engulfed in freezing vapours.
The naga sharpshooter spits poison at you.
The splash of poison hits you!
You are poisoned.
You feel sick.
The naga sharpshooter is engulfed in freezing vapours.
The naga sharpshooter shoots an arrow.
The arrow barely misses you.
You feel sick.
The naga sharpshooter is engulfed in freezing vapours.
The naga sharpshooter shoots an arrow.
The arrow hits you!
You hear a shout!
You feel sick.
A naga sharpshooter comes into view. It is wielding a +0 flail.
Vashnia is engulfed in freezing vapours.
Vashnia spits poison at you. The splash of poison hits you!
You are more poisoned.
The naga sharpshooter is engulfed in freezing vapours.
The naga sharpshooter shoots an arrow.
You block the arrow with your +3 buckler of reflection... and reflect it back!
The arrow hits the naga sharpshooter!
You feel very sick.
Vashnia is engulfed in freezing vapours.
Vashnia unwields a +0 hand axe of freezing.
Vashnia wields a +2 heavy longbow.
Vashnia shoots an arrow.
You block the arrow with your +3 buckler of reflection... and reflect it back!
The arrow hits Vashnia!!
The naga sharpshooter is engulfed in freezing vapours.
The naga sharpshooter shoots an arrow.
The arrow hits you!
* * * LOW HITPOINT WARNING * * *
You feel sick.
The naga sharpshooter is engulfed in freezing vapours.
Vashnia is engulfed in freezing vapours.
Vashnia mumbles some strange words.
Vashnia magically shoots an arrow.
The arrow hits you!!!
Ouch! That really hurt!
You die...

#............###.##......#....
.........#....##.....>.........
#.............##..).#......##..
..............#...........##...
...#..#.##...............##...#
......#.##..#..........###..##
.....#..#.#...........##...#
....................#...##
......##..@............##
......##..............##
...........)....#.....#
......!.................##
..............(.......###
.......§§.§..##.....###
....?..§N§..##.#...##
....$..§§N##......##
.....N.###.......##


You could see Vashnia (catching breath) and a naga sharpshooter.

Vanquished Creatures
  Saint Roka (Orc:2)
  Jorgrun (Orc:2)
  Rupert (Orc:2)
  Aizul (Snake:3)
  2 stone giants
  Josephine (Orc:2)
  An entropy weaver (shapeshifter) (D:13)
  8 vault guards
  A catoblepas (Lair:3)
  A death knight (D:15)
  8 two-headed ogres
  3 hydras
  2 boulder beetles
  2 ogre magi
  7 centaur warriors
  3 anacondas
  2 tengu warriors
  8 naga warriors
  2 shock serpents (Snake:1)
  4 naga sharpshooters
  Urug (D:12)
  A skyshark (Lair:5)
  4 orc high priests (Orc:2)
  5 sea snakes (Snake:3)
  2 deep trolls
  A naga ritualist (Snake:2)
  A phantasmal warrior (D:15)
  2 bog bodies (Lair:3)
  2 wizards (D:15)
  An obsidian statue (Volcano)
  3 orc knights
  19 ugly things
  A deep elf pyromancer (D:15)
  7 mana vipers
  5 orc sorcerers
  10 salamanders
  5 cyclopes
  An oklob plant (Lair:4)
  2 manticores (D:14)
  4 elephants
  16 black mambas
  2 guardian serpents
  13 naga magi
  11 cane toads
  2 gargoyles
  3 rime drakes (Lair:3)
  2 efreet
  13 komodo dragons
  An unseen horror (D:11)
  7 trolls
  6 polar bears
  A queen bee (D:13)
  4 dream sheep (Lair:5)
  8 hornets (Lair:5)
  22 blink frogs
  3 meliai (D:13)
  A culicivora (shapeshifter) (D:13)
  4 slime creatures (D:13)
  A centaur simulacrum (D:15)
  8 wraiths
  13 spriggans (Lair:5)
  69 yaks
  5 shadows
  Sigmund (D:2)
  2 vampires
  A fire elemental (Volcano)
  12 wyverns
  7 fire bats (Volcano)
  8 basilisks
  10 vampire mosquitoes
  A human (D:9)
  2 wargs
  34 nagas
  3 acid dragons
  5 swamp worms (Lair:4)
  20 water moccasins
  32 orc warriors
  7 black bears
  3 ice beasts
  2 sky beasts (D:8)
  27 wolves
  3 boggarts (Lair:5)
  9 centaurs
  12 ogres
  A phantom (D:5)
  An earth elemental (Volcano)
  9 bullfrogs
  5 kobold brigands
  2 scorpions
  A gnoll sergeant (D:12)
  12 wights
  25 killer bees
  3 electric eels
  7 lava snakes (Volcano)
  8 howler monkeys
  A hound (D:5)
  38 orc priests
  2 jellies
  3 iguanas (D:5)
  A sleepcap (D:4)
  Natasha (thrice) (D:2)
  25 orc wizards
  7 hell rats
  Robin (D:3)
  7 gnolls
  19 adders
  13 river rats
  A shadow imp (D:7)
  2 white imps (D:7)
  An ufetubus (D:6)
  4 worms
  2 dart slugs
  92 orcs
  6 bats
  7 endoplasms
  4 giant cockroaches
  11 hobgoblins
  6 jackals (D:2)
  9 ball pythons
  6 frilled lizards
  14 goblins
  39 kobolds
  25 rats
975 creatures vanquished.

Notes
Turn   | Place    | Note
-------+----------+-------------------------------------------
     0 | D:5      | GordonOverkill the Octopode Delver began the quest for the
                  | Orb.
     0 | D:5      | Reached XP level 1. HP: 16/16 MP: 1/1
    39 | D:5      | Noticed an iguana
   172 | D:6      | Reached skill level 1 in Throwing
   172 | D:6      | Reached XP level 2. HP: 20/21 MP: 2/2
   211 | D:5      | Found a runed translucent door.
   234 | D:5      | Reached XP level 3. HP: 10/26 MP: 3/3
   311 | D:5      | Noticed a phantom
   386 | D:5      | Reached XP level 4. HP: 19/31 MP: 4/4
   423 | D:5      | Noticed an ice beast
   545 | D:5      | Found a glowing drain.
   549 | Sewer    | Entered a sewer
   860 | Sewer    | Reached XP level 5. HP: 36/36 MP: 5/5
  1134 | Sewer    | Reached skill level 5 in Short Blades
  1155 | Sewer    | Noticed a kobold brigand
  1169 | Sewer    | Killed a kobold brigand
  1170 | Sewer    | Reached XP level 6. HP: 8/42 MP: 6/6
  1640 | D:5      | Found a staircase to the Ecumenical Temple.
  1676 | D:5      | Reached XP level 7. HP: 42/46 MP: 7/7
  1734 | D:5      | Noticed Crazy Yiuf
  2184 | Temple   | Entered the Ecumenical Temple
  2202 | Temple   | Became a worshipper of Vehumet
  2434 | D:6      | Identified the +3 spear of Guile {protect, *Rage rPois
                  | SInv}
  2840 | D:6      | Found a runed translucent door.
  2840 | D:6      | Noticed a human
  2846 | D:6      | Found a basalt altar of Yredelemnul.
  2943 | D:7      | Reached XP level 8. HP: 52/52 MP: 8/8
  3063 | D:7      | Found Jesurph's Distillery.
  3071 | D:7      | Bought a potion of curing for 33 gold pieces
  4120 | D:8      | Reached skill level 5 in Fighting
  4300 | D:8      | Reached * piety under Vehumet
  4300 | D:8      | Offered knowledge of Magic Dart by Vehumet.
  4340 | D:8      | Noticed a two-headed ogre
  4451 | D:8      | Found a flagged portal.
  4480 | Bailey   | Entered a bailey
  4545 | Bailey   | Reached XP level 9. HP: 58/62 MP: 9/9
  4880 | Bailey   | Noticed an orc knight
  4909 | Bailey   | Reached skill level 10 in Short Blades
  5236 | Bailey   | Killed an orc knight
  5647 | D:8      | Reached ** piety under Vehumet
  5647 | D:8      | Offered knowledge of Shock by Vehumet.
  6358 | D:4      | Reached skill level 5 in Shields
  6358 | D:4      | Reached XP level 10. HP: 55/71 MP: 10/10
  6845 | D:4      | Offered knowledge of Hailstorm by Vehumet.
  6891 | D:4      | Found Jemmeumpo's Assorted Antiques.
  7000 | D:4      | Bought a marble ring for 150 gold pieces
  7000 | D:4      | Bought a scroll of identify for 60 gold pieces
  7107 | D:3      | Noticed Robin
  7117 | D:3      | Killed Robin
  7127 | D:3      | Reached *** piety under Vehumet
  7154 | D:3      | Found Kijupt's Distillery.
  7811 | D:2      | Offered knowledge of Inner Flame by Vehumet.
  7958 | D:2      | Noticed Sigmund
  7967 | D:2      | Killed Sigmund
  8163 | D:2      | Noticed Natasha
  8170 | D:2      | Killed Natasha
  8519 | D:2      | Noticed Natasha
  8545 | D:2      | Killed Natasha
  9090 | D:2      | Noticed Natasha
  9098 | D:2      | Killed Natasha
  9833 | D:1      | Reached **** piety under Vehumet
 10064 | D:1      | Acquired the +3 crown of Dyrovepreva {rElec Int+2 SInv}
 10064 | D:1      | Found the +3 crown of Dyrovepreva {rElec Int+2 SInv}
 10531 | D:9      | Offered knowledge of Frozen Ramparts by Vehumet.
 10597 | D:9      | Reached skill level 1 in Spellcasting
 10845 | D:9      | Found a staircase to the Orcish Mines.
 10965 | D:9      | Found a staircase to the Lair.
 11154 | D:9      | Noticed a two-headed ogre
 11166 | D:9      | Killed a two-headed ogre
 11167 | D:9      | Reached skill level 5 in Spellcasting
 11285 | D:9      | Reached XP level 11. HP: 59/75 MP: 19/21
 11325 | D:9      | Found Mabuofav's Changing Room.
 11335 | D:9      | Bought a book of Changes for 306 gold pieces
 11341 | D:9      | Learned a level 5 spell: Irradiate
 11341 | D:9      | Upgraded the game from 0.31-a0-459-gc8a9bf3d51 to
                  | 0.31-a0-466-g98c9adc2b6
 11699 | D:10     | Entered Level 10 of the Dungeon
 11739 | D:9      | Reached skill level 1 in Transmutations
 11752 | D:10     | Reached ***** piety under Vehumet
 11753 | D:10     | Reached skill level 1 in Conjurations
 11759 | D:10     | Found a sparkling altar of Nemelex Xobeh.
 11813 | D:10     | Offered knowledge of Flame Wave by Vehumet.
 11828 | D:10     | Reached skill level 2 in Conjurations
 11850 | D:10     | Found a blossoming altar of Fedhas.
 11866 | D:10     | Reached skill level 1 in Evocations
 11885 | D:10     | Noticed a two-headed ogre
 11905 | D:10     | Killed a two-headed ogre
 12237 | D:10     | Reached skill level 3 in Conjurations
 12244 | D:10     | Found a portal to a secret trove of treasure.
 12252 | D:10     | Learned a level 1 spell: Apportation
 12358 | D:10     | Noticed a two-headed ogre
 12362 | D:10     | Killed a two-headed ogre
 12363 | D:10     | Reached skill level 1 in Translocations
 12598 | D:11     | Noticed a cyclops
 12603 | D:11     | Killed a cyclops
 12834 | D:11     | Reached skill level 4 in Conjurations
 13796 | D:12     | Noticed Urug
 13804 | D:12     | Reached skill level 5 in Transmutations
 13864 | D:12     | Killed Urug
 13865 | D:12     | Reached skill level 5 in Conjurations
 13865 | D:12     | Reached skill level 5 in Evocations
 14005 | D:12     | Reached XP level 12. HP: 76/81 MP: 22/22
 14092 | D:12     | Noticed a two-headed ogre
 14102 | D:12     | Killed a two-headed ogre
 14290 | D:12     | Found a runed translucent door.
 14290 | D:12     | Noticed a merfolk avatar
 14291 | D:12     | Noticed a merfolk impaler
 14348 | D:12     | Reached skill level 6 in Conjurations
 14520 | D:12     | Found a runed translucent door.
 14521 | D:12     | Found a runed translucent door.
 14764 | D:13     | Noticed a tengu warrior
 14782 | D:13     | Killed a tengu warrior
 14811 | D:13     | Noticed a two-headed ogre
 15007 | D:13     | Noticed a centaur warrior
 15016 | D:13     | Killed a centaur warrior
 15060 | D:13     | Noticed an entropy weaver
 15068 | D:12     | Killed a two-headed ogre
 15081 | D:13     | Killed an entropy weaver
 15143 | D:13     | Noticed a vault guard
 15181 | D:13     | Killed a vault guard
 15182 | D:13     | Reached skill level 7 in Conjurations
 15193 | D:13     | Noticed a vault guard
 15269 | D:13     | Killed a vault guard
 15270 | D:13     | Reached skill level 5 in Dodging
 15683 | D:13     | Found a gate to the Vaults.
 15683 | D:13     | Noticed a vault guard
 15683 | D:13     | Noticed a vault guard
 15686 | D:13     | Noticed a vault guard
 15710 | D:13     | Noticed a vault guard
 15726 | D:12     | Killed a vault guard
 15810 | D:13     | Killed a vault guard
 15842 | D:13     | Noticed a vault guard
 15927 | D:13     | Killed a vault guard
 15984 | D:13     | Killed a vault guard
 15989 | D:13     | Gained mutation: You occasionally lose the ability to read
                  | scrolls when taking damage. [mutagenic glow]
 16053 | D:13     | Lost mutation: You occasionally lose the ability to read
                  | scrolls when taking damage. [potion of mutation]
 16053 | D:13     | Gained mutation: You are vulnerable to cold. (rC-) [potion
                  | of mutation]
 16209 | D:13     | Killed a vault guard
 16210 | D:13     | Reached XP level 13. HP: 46/86 MP: 8/25
 16331 | D:13     | Reached skill level 8 in Conjurations
 16718 | D:13     | Noticed a vault guard
 16728 | D:13     | Killed a vault guard
 17301 | D:14     | Found a glowing golden altar of the Shining One.
 17693 | D:14     | Reached skill level 9 in Conjurations
 18165 | D:15     | Entered Level 15 of the Dungeon
 18297 | D:15     | Paralysed by an ogre mage for 5 turns
 18530 | D:15     | Noticed a stone giant
 18630 | D:14     | Killed a stone giant
 18981 | D:15     | Reached skill level 10 in Transmutations
 19053 | D:15     | Reached skill level 10 in Conjurations
 19116 | D:15     | Reached skill level 10 in Spellcasting
 19116 | D:15     | Reached XP level 14. HP: 65/92 MP: 24/28
 19297 | D:15     | Found a staircase to the Depths.
 20420 | D:15     | Offered knowledge of Iskenderun's Mystic Blast by Vehumet.
 20845 | Lair:1   | Entered Level 1 of the Lair of Beasts
 22055 | Lair:2   | Found a dark tunnel.
 22066 | Volcano  | Entered a volcano
 22292 | Volcano  | Noticed a stone giant
 22316 | Volcano  | Killed a stone giant
 22497 | Volcano  | Found a bloodstained altar of Trog.
 23040 | Lair:2   | Reached skill level 10 in Fighting
 23495 | Lair:2   | Offered knowledge of Yara's Violent Unravelling by Vehumet.
 23502 | Lair:2   | Learned a level 5 spell: Yara's Violent Unravelling
 23653 | Lair:2   | Reached skill level 1 in Hexes
 23770 | Lair:2   | Found a staircase to the Snake Pit.
 23827 | Lair:2   | Reached XP level 15. HP: 103/103 MP: 31/31
 24570 | Lair:2   | Reached skill level 11 in Conjurations
 25319 | Lair:3   | Found a staircase to the Swamp.
 25350 | Lair:3   | You are sucked into a shaft and drop 2 floors!
 25350 | Lair:5   | Entered Level 5 of the Lair of Beasts
 25460 | Lair:5   | Reached skill level 5 in Hexes
 25504 | Lair:5   | Reached skill level 12 in Conjurations
 25889 | Lair:4   | Found a transporter.
 26426 | Lair:3   | Offered knowledge of Freezing Cloud by Vehumet.
 26631 | Lair:3   | Learned a level 5 spell: Freezing Cloud
 26684 | Lair:3   | Reached skill level 1 in Ice Magic
 26684 | Lair:3   | Reached skill level 1 in Air Magic
 27441 | Lair:4   | Reached skill level 13 in Conjurations
 28017 | Lair:4   | Found a transporter.
 28640 | Lair:4   | Identified the +0 helmet of Midwinter {rF+ Will+ Dex+4}
 28644 | Lair:4   | Identified the amulet "Suzicabehu" {Faith rElec}
 28889 | Lair:5   | Found a viscous altar of Jiyva.
 28889 | Lair:5   | Found a staircase to the Slime Pits.
 29666 | Lair:5   | Offered knowledge of Plasma Beam by Vehumet.
 29957 | Lair:5   | Reached XP level 16. HP: 96/109 MP: 27/32
 30034 | Lair:5   | Reached skill level 5 in Ice Magic
 30034 | Lair:5   | Reached skill level 5 in Air Magic
 30727 | Orc:1    | Entered Level 1 of the Orcish Mines
 31567 | Orc:2    | Entered Level 2 of the Orcish Mines
 31614 | Orc:2    | Noticed Saint Roka
 31937 | Orc:2    | Found a staircase to the Elven Halls.
 32025 | Orc:2    | Reached ****** piety under Vehumet
 32421 | Orc:2    | Killed Saint Roka
 32425 | Orc:1    | Gained mutation: One of your tentacles bears a spike.
                  | [mutagenic glow]
 32435 | Orc:1    | Gained mutation: You are frail. (-10% HP) [mutagenic glow]
 32563 | Orc:2    | Noticed Josephine
 32568 | Orc:2    | Killed Josephine
 32626 | Orc:2    | Noticed Rupert
 32698 | Orc:2    | Killed Rupert
 32969 | Orc:2    | Offered knowledge of Spellforged Servitor by Vehumet.
 33580 | Orc:2    | Found Huklopp's Weapon Shop.
 33580 | Orc:2    | Found Elivy's Magic Scroll Shop.
 33581 | Orc:2    | Found Mysmudukk's Antique Armour Boutique.
 33586 | Orc:2    | Found Zaowkemi's Armour Boutique.
 33592 | Orc:2    | Bought 3 scrolls of revelation for 315 gold pieces
 33592 | Orc:2    | Bought a scroll of blinking for 105 gold pieces
 33592 | Orc:2    | Bought a scroll of amnesia for 56 gold pieces
 33993 | Orc:2    | Noticed Jorgrun
 34309 | Orc:2    | Killed Jorgrun
 34929 | D:7      | Bought a potion of might for 44 gold pieces
 34929 | D:7      | Bought a potion of mutation for 88 gold pieces
 34929 | D:7      | Bought a potion of resistance for 110 gold pieces
 34929 | D:7      | Bought a potion of magic for 88 gold pieces
 34929 | D:7      | Bought a potion of curing for 33 gold pieces
 35007 | D:3      | Bought a potion of might for 44 gold pieces
 35007 | D:3      | Bought a potion of curing for 33 gold pieces
 35007 | D:3      | Bought a potion of might for 44 gold pieces
 35007 | D:3      | Bought a potion of enlightenment for 55 gold pieces
 35007 | D:3      | Bought a potion of enlightenment for 55 gold pieces
 35007 | D:3      | Bought a potion of enlightenment for 55 gold pieces
 35076 | D:4      | Bought a wand of light (7) for 882 gold pieces
 35260 | Snake:1  | Entered Level 1 of the Snake Pit
 35611 | Snake:1  | Identified the +1 pair of boots of Impressiveness {MP+9
                  | Int+2}
 35614 | Snake:1  | Found an ancient bone altar of Kikubaaqudgha.
 35623 | Snake:1  | Found Baezeohao's Book Emporium.
 35661 | Snake:1  | Offered knowledge of Maxwell's Capacitive Coupling by
                  | Vehumet.
 35816 | Snake:1  | Learned a level 8 spell: Maxwell's Capacitive Coupling
 36032 | Snake:1  | Found a runed translucent door.
 38279 | Snake:2  | Found Venniyd's Book Boutique.
 38281 | Snake:2  | Found Voakk's Jewellery Shoppe.
 38444 | Snake:2  | Found Aseihu's Book Boutique.
 38512 | Snake:2  | Reached XP level 17. HP: 95/105 MP: 20/33
 38735 | Snake:2  | Acquired 996 gold pieces
 38905 | Snake:3  | Upgraded the game from 0.31-a0-466-g98c9adc2b6 to
                  | 0.31-a0-472-g43a2ca8e1b
 39099 | Snake:3  | Learned a level 7 spell: Ozocubu's Refrigeration
 39103 | Snake:3  | Learned a level 3 spell: Ozocubu's Armour
 39168 | Snake:3  | Noticed Vashnia
 39307 | Snake:3  | Noticed Aizul
 39333 | Snake:3  | Killed Aizul
 39333 | Snake:3  | Gained mutation: You are very vulnerable to cold. (rC--)
                  | [mutagenic glow]
 39526 | Snake:3  | Offered knowledge of Lehudib's Crystal Spear by Vehumet.
 39526 | Snake:3  | Offered knowledge of Fire Storm by Vehumet.
 39526 | Snake:3  | Offered knowledge of Ignition by Vehumet.
 40160 | Snake:3  | Shot with an arrow by Vashnia

Illustrated notes

Levels and vault maps discovered:
D:1:      spicycebolla_green_bress_n_ham, layout_loops_ring, minmay_pentomino_r2
D:2:      layout_basic, amcnicky_mini_rare_corridor_liquid, uniq_natasha,
          uniq_sigmund
D:3:      layout_loops_cross, serial_shops, nicolae_shop_crystal,
          dreamdust_princess_corridor, uniq_robin
D:4:      layout_basic, serial_shops, shop_statue, nrook_campfire, fountainhead,
          supply_closet_lemuel
D:5:      layout_loops_ring, minmay_temple_entry_enclosed_plants,
          gup_sewer_entry_spiral, st_stairs_13, uniq_crazy_yiuf_cottage
D:6:      layout_loops_corners, dk_yredelemnul_ordeal
D:7:      layout_layer_cave, serial_shops, shop
D:8:      layout_cave_pools, enter_bailey_1, kennysheep_doodads
D:9:      layout_stronghold, david_lair_shrubbed, erik_orc_4,
          kennysheep_cross_room, nicolae_transmutations_shop
D:10:     layout_basic, old_standard_altar, mainiacjoe_overflow_alcove_1,
          nicolae_trove_entry_free_sample
D:11:     hellmonk_crumbling_castle, layout_gridville
D:12:     layout_roguey, mikee_hates_you, uniq_urug
D:13:     layout_loops_cross, erik_vaults_2, special_room [special_room_bee]
D:14:     layout_stronghold, serial_rivers, chequers_serial_rivers_micro_b,
          chequers_serial_rivers_marsh, chequers_serial_rivers_small_3,
          chequers_serial_rivers_micro_e, chequers_serial_rivers_room_a,
          chequers_serial_rivers_small_b, minmay_crystal_room,
          nicolae_tso_carved_into_rock
D:15:     hangedman_depths_entry_civil_slaughter, layout_stronghold,
          nicolae_water_bricks
Temple:   hellmonk_temple_of_storms
Lair:1:   layout_hall_layers, chequers_serial_rivers_micro_b, minmay_holes,
          serial_bayou_shore_a
Lair:2:   layout_roguey, minmay_snake_entry_six_corridors,
          nicolae_volcano_entry_two_sided, beast_lair_carwin_6
Lair:3:   layout_roguey [special_room_mythical_zoo], skrybe_swamp_entry_bodies,
          infiniplex_staircase_pool
Lair:4:   gammafunk_worm_tunnel, layout_gridlike, nzn_sisyphean_effort,
          grunt_megastairs_2
Lair:5:   minmay_lair_end_enchanted_forest, layout_loops_ring,
          dpeg_slime_entry_enclosed, kennysheep_rathole, serial_bayou_shore_b
Snake:1:  cheibrodos_toxic_ritual, layout_gridlike, serial_shops, shop,
          basic_altar, nicolae_coiled_stairwell_down, serial_bayou_shore_b
Snake:2:  layout_grid_shapes, minmay_shop_grove
Snake:3:  nicolae_sea_snake_s, layout_onion_interference, grunt_megastairs_1,
          uniq_vashnia, uniq_aizul
Orc:1:    layout_caves, mines2_david
Orc:2:    st_orc_mages, layout_caves, uniq_josephine, uniq_jorgrun, uniq_rupert,
          uniq_saint_roka

Skill      XL: |  1  2  3  4  5  6  7  8  9 10 11 12 13 14 15 16 17 |
---------------+----------------------------------------------------+-----
Throwing       | 1 2 |  2.0
Short Blades   | 3 4 5 6 8 9 11 | 11.0
Fighting       | 5 7 10 11 | 11.0
Shields        | 5 7 9 |  9.0
Spellcasting   | 6 7 8 10 12 | 12.0
Transmutations | 5 7 10 | 10.0
Conjurations   | 5 7 10 13 | 13.0
Evocations     | 5 |  5.0
Translocations | 2 3 |  3.0
Dodging        | 5 7 |  7.0
Hexes          | 2 5 |  5.0
Ice Magic      | 4 6 8 |  8.4
Air Magic      | 4 8 9 |  9.1
Stealth        | |  6.6

Action                     |  1- 3 |  4- 6 |  7- 9 | 10-12 | 13-15 | 16-18 || total
---------------------------+-------+-------+-------+-------+-------+-------++-------
  Melee: Short sword       |    19 |   104 |   244 |   524 |  1095 |   223 ||  2209
         Tentacles         |     5 |    18 |    60 |   125 |   306 |    61 ||   575
         Constrict         |     3 |    21 |    47 |    74 |   114 |    27 ||   286
         Punch             |     1 |     1 |     7 |     8 |    18 |     4 ||    39
         Kick              |       |       |       |       |       |    78 ||    78
  Throw: Dart              |       |     1 |    26 |       |       |    35 ||    62
         Boomerang         |       |       |    12 |   104 |   159 |     6 ||   281
         Throwing net      |       |       |       |       |       |     1 ||     1
   Cast: Irradiate         |       |       |       |    25 |    71 |    28 ||   124
         Freezing Cloud    |       |       |       |       |    41 |   202 ||   243
  Evoke: Wand              |       |     2 |       |    11 |       |     4 ||    17
    Use: Scroll            |     1 |       |    16 |    15 |     8 |     1 ||    41
         Potion            |       |       |     3 |     3 |     4 |     3 ||    13
   Stab: Sleeping          |       |    15 |    14 |    42 |    17 |     5 ||    93
         Distracted        |       |       |       |     1 |     4 |     2 ||     7
 Armour: Skin              |     1 |     6 |    42 |    52 |   112 |    20 ||   233
  Dodge: Dodged            |    13 |    37 |    92 |   151 |   333 |    70 ||   696
  Block: Buckler           |       |       |    12 |   123 |   456 |   119 ||   710
         Reflection        |       |       |     1 |     4 |    15 |    23 ||    43

Table legend: (Time is in decaauts)
 A = Elapsed time spent in this place.
 B = Non-inter-level travel time spent in this place.
 C = Inter-level travel time spent in this place.
 D = Time resting spent in this place.
 E = Time spent auto-exploring this place.
 F = Levels seen in this place.
 G = Mean time per level.
                   A        B        C        D        E       F      G
               +--------+--------+--------+--------+--------+-----+--------+
         Total |  39302 |  37154 |   2148 |  14398 |  14504 |  29 | 1355.2 |
       Dungeon |  18954 |  17380 |   1574 |   4294 |   9036 |  15 | 1263.6 |
        Temple |     36 |      2 |     34 |      0 |      0 |   1 |   36.0 |
          Lair |   8863 |   8515 |    348 |   3645 |   3232 |   5 | 1772.6 |
     Snake Pit |   4839 |   4790 |     49 |   2706 |   1325 |   3 | 1613.0 |
  Orcish Mines |   4013 |   3870 |    143 |   2444 |    765 |   2 | 2006.5 |
         Sewer |    810 |    810 |      0 |    325 |    121 |   1 |  810.0 |
        Bailey |   1082 |   1082 |      0 |    560 |      0 |   1 | 1082.0 |
       Volcano |    702 |    702 |      0 |    423 |     25 |   1 |  702.0 |
               +--------+--------+--------+--------+--------+-----+--------+

Top non-repeatable levels by time:
 Snake:1: 2265 daAuts
  Lair:5: 2237 daAuts
   Orc:2: 2174 daAuts
    D:15: 2125 daAuts
  Lair:2: 2112 daAuts
    D:13: 2077 daAuts
   Orc:1: 1838 daAuts
  Lair:4: 1678 daAuts
     D:2: 1676 daAuts
  Lair:3: 1643 daAuts
    D:14: 1444 daAuts
     D:7: 1426 daAuts
     D:9: 1424 daAuts
    D:12: 1395 daAuts
 Snake:2: 1362 daAuts
